Map: Dusk Towers

Players

Apollo

  • Race: Terran Terran
  • League: Platinum

LilDicky - Winner!

  • Race: Terran Terran
  • League: Diamond

VOD

http://www.twitch.tv/tumescentpie

Description

Time

  • Played on: Dec. 12, 2015, 8:24 p.m.
  • Length: 27:32
Show
View Real Time Build Order
Export as new Build Order

Apollo Terran 

Build Orders: Reaper Expand, MMM Bio 

Get SALT Encoding   

  12  0:00  SCV  
  13  0:14  Supply Depot  
  13  0:17  SCV  
  14  0:29  SCV  
  14  0:30  Refinery  
  15  0:41  SCV  
  16  0:47  Barracks  
  16  0:53  SCV  
  17  1:06  SCV  
  18  1:18  SCV  
  19  1:35  Reaper  
  19  1:38  Command Center  
  20  1:40  SCV  
  21  1:52  Orbital Command  
  21  2:02  Factory  
  21  2:09  Reaper  
  22  2:17  SCV  
  22  2:20  Supply Depot  
  23  2:26  Supply Depot  
  23  2:42  SCV, Reaper  
  25  2:46  Hellion  
  25  2:48  Supply Depot  
  27  2:51  Orbital Command  
  27  2:54  SCV  
  27  2:56  Refinery  
  28  3:06  SCV  
  28  3:07  Hellion  
  31  3:15  Starport  
  31  3:22  SCV x2, Barracks Tech Lab  
  33  3:28  Engineering Bay  
  33  3:31  Factory Tech Lab  
  33  3:34  SCV x2  
  35  3:45  Stimpack, Marine  
  36  3:51  SCV  
  36  3:52  SCV  
  38  4:02  Terran Infantry Weapons Level 1, Supply Depot  
  38  4:04  SCV x2  
  38  4:08  Barracks  
  40  4:11  Starport Reactor  
  40  4:13  Marine  
  40  4:16  SCV x2  
  43  4:19  Refinery  
  43  4:28  SCV x2  
  45  4:31  Marine  
  45  4:33  Siege Tank  
  49  4:40  SCV x2  
  51  4:49  Marine  
  51  4:50  Viking  
  51  5:07  Marine  
  51  5:08  Marine  
  51  5:10  Siege Tank  
  46  5:24  Marine  
  46  5:26  Marine  
  45  5:42  Marine  
  35  5:44  Marine  
  37  5:56  Viking  
  33  5:59  Widow Mine  
  33  6:00  Marine  
  33  6:02  Marine  
  34  6:12  SCV x2  
  34  6:18  Marine  
  36  6:20  Marine  
  36  6:24  SCV x2  
  35  6:36  SCV x2, Marine  
  28  6:51  Medivac x2  
  28  6:52  Marine  
  28  6:54  Marine  
  33  6:57  SCV x2  
  33  6:58  Barracks  
  33  6:59  Barracks  
  35  7:06  Terran Infantry Armor Level 1  
  35  7:09  SCV x2, Marine  
  35  7:11  Marine  
  39  7:21  Supply Depot, SCV x2  
  41  7:24  Barracks  
  41  7:27  Marine  
  41  7:29  Marine  
  43  7:37  Barracks  
  43  7:43  Medivac  
  45  7:45  Marine  
  45  7:46  Marine  
  45  7:47  Marine x2  
  45  7:48  SCV x2  
  51  7:54  Command Center  
  51  8:00  SCV x2  
  51  8:03  Marine  
  51  8:04  Marine x2  
  51  8:05  Marine  
  57  8:09  Medivac  
  57  8:12  SCV x2, Barracks Tech Lab  
  61  8:21  Marine  
  61  8:22  Marine x2  
  61  8:23  Marine  
  61  8:24  SCV  
  61  8:26  Supply Depot  
  66  8:29  Supply Depot x2  
  66  8:33  Marine x2  
  68  8:35  Combat Shields  
  68  8:38  Marine  
  68  8:40  Marine x3  
  72  8:51  Marine x2  
  70  8:56  Marine  
  70  8:58  Marine  
  70  8:59  Marine x2  
  73  9:03  Medivac  
  73  9:06  SCV x2  
  73  9:08  Marine x2  
  79  9:14  Marine  
  79  9:16  Marine  
  78  9:17  Marine x2  
  78  9:18  SCV  
  74  9:27  Marine x2  
  73  9:32  Marine  
  73  9:33  Marine  
  73  9:34  Marine  
  73  9:35  Marine  
  77  9:41  Factory  
  77  9:43  SCV x2  
  77  9:45  Marine x2  
  79  9:50  Marine  
  79  9:51  Marine  
  79  9:52  Marine x2  
  83  9:55  SCV  
  86  10:03  Marine x2  
  88  10:08  Marine  
  88  10:09  Marine  
  88  10:10  Marine x2  
  91  10:21  Marine x2  
  91  10:24  Medivac  
  91  10:25  Planetary Fortress, Marine  
  91  10:27  Marine  
  91  10:28  Marine x2  
  99  10:35  Medivac  
  95  10:39  Marine x2  
  89  10:43  Marine  
  89  10:45  Marine  
  89  10:46  Marine x2  
  94  10:58  Marine  
  94  11:01  Marine  
  94  11:02  Marine  
  54  12:27  Orbital Command  
  54  12:36  Orbital Command  
  53  13:41  Supply Depot  
  53  13:42  Supply Depot x2  
  53  13:43  Supply Depot  
  53  13:44  Supply Depot x2  
  53  14:04  SCV, Widow Mine  
  53  14:06  Supply Depot  
  56  14:14  Starport  
  56  14:16  SCV  
  49  14:27  Starport  
  49  14:33  Widow Mine  
  51  14:50  Starport Tech Lab  
  51  14:53  Barracks  
  51  14:54  Barracks  
  48  15:15  Starport Tech Lab  
  48  15:16  SCV, Starport  
  48  15:20  Supply Depot  
  49  15:28  SCV  
  50  15:41  SCV  
  51  15:53  SCV  
  52  16:15  Orbital Command  
  52  16:16  Refinery  
  52  16:21  Supply Depot  
  52  16:23  Supply Depot  
  52  16:28  Supply Depot  
  52  16:29  Supply Depot  
  52  16:41  Engineering Bay  
  52  16:42  SCV  
  52  16:44  Widow Mine  
  52  16:45  Banshee  
  52  16:46  Starport Tech Lab  
  58  17:07  Missile Turret  
  54  17:30  Banshee  
  25  18:40  SCV  
  23  18:49  Orbital Command  
  23  18:52  SCV  
  24  19:00  Supply Depot  
  24  19:04  SCV  
  25  19:16  SCV  
  26  19:24  SCV  
  27  19:28  SCV  
  28  19:40  SCV  
  28  19:41  Barracks  
  28  19:42  Barracks x2  
  19  20:28  Marine x2  
  19  20:29  Marine  
  20  20:46  Marine x3  
  23  20:50  Supply Depot  
  23  20:51  Supply Depot  
  23  20:54  Orbital Command  
  23  21:11  Marine x3  
  24  21:29  Marine x3  
  25  21:47  Marine x3  
  24  22:05  Marine  
  24  22:23  Marine  
  16  22:40  Marine  
  15  22:46  SCV  
  11  22:58  SCV, Marine  
  13  23:10  SCV  
  14  23:16  Marine  
  15  23:22  SCV  
  16  23:34  Marine  
  16  23:35  SCV  
  18  23:52  Marine  
  18  23:53  SCV  
  20  23:58  Barracks  
  20  24:01  Engineering Bay  
  20  24:05  SCV  
  21  24:13  Marine  
  22  24:35  Orbital Command  
  18  24:43  Marine  
  10  25:23  SCV  
  9  25:35  SCV  
  8  25:48  SCV  
Show
View Real Time Build Order
Export as new Build Order

LilDicky Terran - Winner!

Build Orders: Liberator Opening, Bio Tank 

Get SALT Encoding   

  12  0:01  SCV  
  13  0:13  SCV  
  14  0:20  Supply Depot  
  14  0:25  SCV  
  15  0:39  Refinery  
  15  0:42  SCV  
  16  0:45  Barracks  
  16  0:54  SCV  
  17  1:06  SCV  
  18  1:13  Refinery  
  18  1:18  SCV  
  19  1:30  SCV  
  19  1:32  Marine  
  21  1:34  Supply Depot  
  21  1:42  Orbital Command  
  21  1:50  Marine  
  22  1:56  Factory  
  22  2:07  Supply Depot  
  22  2:08  Marine  
  23  2:10  SCV  
  24  2:22  SCV  
  25  2:25  Marine  
  26  2:34  SCV  
  27  2:43  Factory Tech Lab, Starport  
  27  2:46  SCV  
  27  2:49  Marine  
  29  2:59  SCV  
  29  3:01  Supply Depot  
  29  3:02  Liberator  
  29  3:04  Cyclone  
  33  3:11  Supply Depot, SCV  
  34  3:12  Marine  
  35  3:23  SCV  
  39  3:32  Marine  
  40  3:35  SCV  
  40  3:38  Engineering Bay  
  40  3:39  Siege Tank  
  44  3:45  Liberator  
  44  3:49  SCV  
  44  3:54  Supply Depot  
  45  3:57  Marine  
  46  4:09  Missile Turret  
  49  4:14  Supply Depot  
  49  4:15  Siege Tank  
  49  4:16  Marine  
  53  4:25  SCV  
  54  4:36  Command Center  
  54  4:38  SCV  
  55  4:49  Siege Tank  
  44  5:57  Liberator  
  44  6:20  Barracks Tech Lab, Barracks x3  
  44  6:21  Orbital Command  
  44  6:22  Barracks  
  44  6:23  SCV  
  44  6:35  SCV  
  45  6:40  Liberator  
  39  6:47  SCV  
  39  6:51  Siege Tank  
  40  6:55  Marine  
  40  6:56  Stimpack  
  44  7:03  SCV x2  
  44  7:05  Barracks  
  44  7:07  Barracks x2  
  46  7:08  Barracks Tech Lab  
  46  7:10  Barracks Reactor x3  
  46  7:13  Marine  
  46  7:15  SCV  
  48  7:19  SCV  
  49  7:23  Siege Tank  
  49  7:25  Refinery  
  49  7:26  Refinery  
  49  7:27  SCV  
  53  7:30  Marine  
  53  7:31  SCV  
  53  7:34  Marine  
  56  7:39  SCV  
  56  7:41  Command Center  
  56  7:43  SCV  
  58  7:46  Marine x3  
  58  7:48  Marine  
  62  7:51  SCV  
  62  7:52  Marine  
  62  7:55  Siege Tank, Marine x3  
  62  7:56  Marine  
  71  8:05  SCV  
  72  8:06  Marine  
  72  8:08  Marine x2  
  72  8:09  Marine x2  
  77  8:13  SCV  
  77  8:14  Marine x2  
  77  8:17  SCV  
  81  8:27  Siege Tank  
  81  8:29  Marine x2  
  86  8:40  Supply Depot  
  86  8:41  Missile Turret  
  86  8:44  Marine  
  86  8:46  Marine  
  86  8:50  Marine  
  86  8:51  Marine x2  
  86  8:52  Marine  
  86  8:53  Marine  
  86  8:54  Marine  
  86  8:58  Marine x3  
  86  9:01  Siege Tank  
  86  9:02  Marine  
  87  9:04  Marine  
  87  9:08  Marine  
  87  9:09  Marine x2  
  87  9:10  Marine  
  87  9:11  Marine  
  87  9:12  Marine  
  90  9:17  SCV x2  
  90  9:19  Orbital Command  
  91  9:28  Marine x2  
  76  9:31  Marine  
  76  9:34  Siege Tank  
  76  9:35  Viking  
  76  9:36  SCV  
  76  9:37  Marine  
  84  9:41  Marine x2  
  84  9:43  Combat Shields  
  86  9:45  Concussive Shells  
  86  9:47  Barracks Tech Lab  
  86  9:49  Marine  
  87  9:55  SCV  
  88  10:00  Missile Turret  
  88  10:02  SCV, Missile Turret  
  88  10:04  Missile Turret  
  89  10:07  Marine  
  89  10:08  Marine  
  83  10:44  Marine  
  83  10:45  Marine x4  
  83  10:46  Marine x3  
  83  10:47  Marine x3  
  92  11:02  Marine x2  
  79  11:11  Marine  
  79  11:12  Marine  
  72  11:21  Marine x5  
  72  11:22  Marine  
  73  11:29  Orbital Command  
  73  11:32  Orbital Command  
  65  11:42  Starport Tech Lab  
  48  12:22  Banshee  
  48  12:27  SCV  
  41  12:33  SCV  
  35  12:54  SCV  
  35  12:56  Supply Depot  
  36  13:00  Supply Depot  
  33  13:26  Starport  
  31  13:36  SCV  
  32  13:45  Starport  
  32  14:07  Viking  
  24  14:30  Medivac  
  26  14:58  Starport Tech Lab  
  26  15:17  Banshee, Cloaking Field  
  29  15:25  Viking  
  30  16:03  Banshee  
  33  16:06  Viking  
  34  16:29  Orbital Command  
  34  16:44  Orbital Command  
  32  17:08  Viking  
  27  18:02  Raven  
  15  18:49  SCV x2  
  15  18:52  Widow Mine  
  19  19:01  SCV x2  
  21  19:04  Marine x5  
  26  19:13  SCV  
  27  19:21  Marine  
  27  19:22  Raven, Marine x4  
  34  19:24  Viking  
  34  19:25  SCV  
  37  19:38  SCV  
  38  19:46  Supply Depot  
  38  19:49  Supply Depot  
  38  19:50  Marine x5  
  38  19:51  SCV  
  43  20:08  Marine x5  
  43  20:26  Marine x2  
  40  20:37  Marine x2  
  40  20:41  Orbital Command  
  42  20:49  Viking x2  
  46  20:58  Refinery  
  46  20:59  SCV  
  46  21:01  Refinery  
  47  21:14  Marine x2  
  38  22:07  Marine  
  20  22:55  Marine  
  19  23:45  Marine x2  
  21  24:01  Marine  
  24  24:03  Marine x2  
  24  24:04  SCV  
  27  24:15  Command Center  
  25  24:54  Marine  
  26  25:02  Starport Tech Lab  
  19  25:43  Orbital Command  
  19  26:14  Marine x5  
  19  26:16  SCV  
  19  26:28  Banshee  
  19  26:32  Marine x5  
  19  26:40  Starport Tech Lab  
  19  27:10  Marine  
  19  27:11  Marine  
  19  27:16  SCV  
Tags
 
Add a new tag
Caveats
  • Supply blocks, unpowered buildings, or Contaminate may cause inaccurate times.
  • Supply counts are checked every 10 seconds.